 Dungeon Crawl Stone Soup version 0.31-a0-1612-g4aaf141004 (webtiles) character file.

Game seed: 3231419312566740882

3307 grandjackal the Fighter (level 9, 0/70 (78) HPs)
             Began as a Demonspawn Fighter on Jan 9, 2024.
             Was a Believer of Trog.
             Slain by a wight
             ... wielding a +0 dagger
              (3 damage)
             ... on level 8 of the Dungeon.
             The game lasted 00:06:32 (5292 turns).

grandjackal the Fighter (Demonspawn Fighter)        Turns: 5292, Time: 00:06:33

HP:   0/70 (78)     AC: 15    Str: 20    XL:     9   Next: 70%
MP:   9/9           EV:  7    Int: 10    God:    Trog [**....]
Gold: 433           SH:  5    Dex: 12    Spells: 8/8 levels left

rFire   . . .        a - +0 war axe
rCold   + . .        c - +0 buckler
rNeg    . . .        n - +3 chain mail {rC+}
rPois   .            (no helmet)
rElec   .            (no cloak)
rCorr   .            t - +2 pair of gloves
SInv    .            (no boots)
Will    +....        r - amulet of regeneration Stlth
                     e - ring of flight
HPRegen 1.11/turn    m - ring of willpower
MPRegen 0.11/turn

%: no passive effects
@: on berserk cooldown, flying, slowed, studying Ranged Weapons, heavily
drained, very slow
A: claws 2, hooves 1, powered by death 1, condensation shield, weakness stinger
1
a: Renounce Religion, Berserk, Trog's Hand


You were on level 8 of the Dungeon.
You worshipped Trog.
Trog was pleased with you.
You visited 2 branches of the dungeon, and saw 9 of its levels.

You collected 433 gold pieces.

Inventory:

Hand Weapons
 a - a +0 war axe (weapon)
Armour
 c - a +0 buckler (worn)
 n - a +3 chain mail of cold resistance (worn)
 t - a +2 pair of gloves (worn)
 v - a +1 chain mail of fire resistance
Jewellery
 b - a +6 ring of intelligence
 e - a ring of flight (left hand)
 m - a ring of willpower (right hand)
 r - an amulet of regeneration (around neck)
Wands
 k - a wand of charming (6)
 y - a wand of roots (18)
 z - a wand of flame (26)
Scrolls
 f - 2 scrolls of silence {unknown}
 g - 3 scrolls of teleportation {unknown}
 h - 2 scrolls of fog {unknown}
 p - a scroll of amnesia {unknown}
 s - a scroll of enchant weapon {unknown}
 u - 2 scrolls of immolation {unknown}
 x - a scroll of poison {unknown}
 A - a scroll of fear {unknown}
Potions
 d - 2 potions of might
 i - 4 potions of curing
 j - 2 potions of ambrosia
 o - 2 potions of lignification
 w - 2 potions of cancellation
 B - a potion of magic
 C - a potion of attraction


   Skills:
 + Level 9.8 Fighting
 - Level 4.5 Axes
 - Level 3.0 Armour
 - Level 4.4 Shields
 + Level 7.2 Unarmed Combat


You had 8 spell levels left.
You didn't know any spells.
Your spell library contained the following spells:

 Spells                   Type           Power      Damage    Failure   Level
 Shock                    Conj/Air       0%         1d3       98%         1
 Swiftness                Air            0%         N/A       100%        3
 Airstrike                Air            0%         2d(0-16)  100%        4


Dungeon Overview and Level Annotations

Branches:
Dungeon (8/15)             Temple (1/1) D:6
   Lair: D:8-11

Altars:
Ashenzari
Cheibriados
Fedhas
Gozag
Kikubaaqudgha
Makhleb
Nemelex Xobeh
Okawaru
Qazlal
Ru
Sif Muna
Trog
Uskayaw
Vehumet
Wu Jian
Yredelemnul


Innate Abilities, Weirdness & Mutations

You have very sharp fingernails.
You have large cloven feet.
You regenerate a little health from kills.
A meltable shield of frost defends you. (SH +0)
You have a small tail.


Message History

The wight hits you with a +0 dagger.
You feel drained.
You closely miss the wight. Your kick misses the wight.
The wight is severely damaged.
You hit the wight but do no damage. You barely miss the wight.
The wight hits you with a +2 battleaxe of freezing!
You feel drained. The wight freezes you. The wight closely misses you.
You block the wight's attack.
Unknown command.
You closely miss the wight.
Your tail-slap misses the wight.
The wight is severely damaged.
You closely miss the wight. You barely miss the wight.
The wight hits you with a +2 battleaxe of freezing!
The wight freezes you. The wight hits you with a +0 dagger!
* * * LOW HITPOINT WARNING * * *
You feel drained.
* * * LOW HITPOINT WARNING * * *
The wight hits you but does no damage. The wight closely misses you.
The wight barely misses you. The wight hits you with a +0 dagger!
* * * LOW HITPOINT WARNING * * *
You are too injured to fight recklessly!
Unknown command.
You are too injured to fight recklessly!
Unknown command.
You hit the wight. Your kick misses the wight.
Your tail-slap misses the wight.
The wight is moderately damaged.
You hit the wight but do no damage. x2; The wight barely misses you.
The wight hits you with a +0 dagger.
* * * LOW HITPOINT WARNING * * *
You feel drained. The wight hits you with a +3 hand axe.
* * * LOW HITPOINT WARNING * * *
The wight hits you with a +2 battleaxe of freezing.
* * * LOW HITPOINT WARNING * * *
The wight hits you but does no damage. The wight barely misses you.
Unknown command.
Unknown command.
Unknown command.
It was a potion of berserk rage.
You're still recovering from your berserk rage.
The wight hits you but does no damage. The wight hits you with a +0 dagger.
You die...

#..8≈#####≈8......
#...≈#$$$#≈...#.##
#._.≈#$$$#≈._.....
#...≈#$$$#≈.....## #
#..8≈#####≈8....##
#.######..⌠≈≈≈≈≈⌠.......
#..........8...8........
......zz8...._..[.8....#
#...zz@................
########.†.##..####...#
#.††##..........
#...##########.# #...#
#.# #...# #.# ..... #.#
#...... #.# ........ #..


You could see 4 wights.

Vanquished Creatures
  Grinder (D:6)
  A steam dragon (D:6)
  Edmund (D:4)
  2 water moccasins
  Duvessa (D:4)
  An ice beast (D:5)
  2 ogres
  An orc warrior (D:4)
  2 sky beasts
  3 kobold brigands (D:6)
  A phantom (D:5)
  5 bullfrogs
  2 scorpions
  5 wights
  Dowan (D:4)
  8 killer bees
  2 bombardier beetles
  A hound (D:6)
  4 orc priests
  A gnoll bouda (D:5)
  2 iguanas
  A sleepcap (D:5)
  5 adders
  14 gnolls
  A shadow imp (D:8)
  A white imp (D:7)
  A dart slug (D:1)
  27 orcs
  6 ball pythons
  4 endoplasms
  6 giant cockroaches
  8 goblins
  4 hobgoblins
  5 jackals
  21 kobolds
  6 quokkas
  A bat (D:1)
  2 frilled lizards
  2 rats
162 creatures vanquished.

Notes
Turn   | Place    | Note
-------+----------+-------------------------------------------
     0 | D:1      | grandjackal the Demonspawn Fighter began the quest for the
                  | Orb.
     0 | D:1      | Reached XP level 1. HP: 18/18 MP: 1/1
   179 | D:1      | Discovered your monstrous ancestry.
   179 | D:1      | Gained mutation: You have large cloven feet. [demonic
                  | ancestry]
   179 | D:1      | Reached XP level 2. HP: 24/24 MP: 2/2
   793 | D:2      | Gained mutation: A meltable shield of frost defends you.
                  | (SH +0) [demonic ancestry]
   793 | D:2      | Reached XP level 3. HP: 29/29 MP: 3/3
  1250 | D:2      | Reached XP level 4. HP: 25/37 MP: 4/4
  1601 | D:3      | Reached skill level 4 in Fighting
  2056 | D:4      | Noticed Edmund
  2057 | D:4      | You are sucked into a shaft and drop 2 floors!
  2059 | D:6      | Noticed a kobold brigand
  2063 | D:6      | Gained mutation: You have sharp fingernails. [demonic
                  | ancestry]
  2063 | D:6      | Reached XP level 5. HP: 42/42 MP: 5/5
  2100 | D:6      | Noticed Grinder
  2121 | D:6      | Killed Grinder
  2122 | D:6      | Gained mutation: You have a small tail. [demonic ancestry]
  2122 | D:6      | Reached XP level 6. HP: 49/50 MP: 6/6
  2148 | D:6      | Found a staircase to the Ecumenical Temple.
  2157 | Temple   | Entered the Ecumenical Temple
  2164 | Temple   | Became a worshipper of Trog the Wrathful
  2187 | D:6      | Found a hide-covered altar of Uskayaw.
  2188 | D:6      | Noticed a steam dragon
  2193 | D:6      | Killed a steam dragon
  2194 | D:6      | Reached skill level 5 in Fighting
  2194 | D:6      | Gained mutation: You regenerate a little health from kills.
                  | [demonic ancestry]
  2194 | D:6      | Reached XP level 7. HP: 54/56 MP: 7/7
  2385 | D:5      | Entered Level 5 of the Dungeon
  2398 | D:5      | Reached skill level 1 in Unarmed Combat
  2411 | D:5      | Reached skill level 6 in Fighting
  2507 | D:5      | Reached XP level 8. HP: 52/65 MP: 8/8
  2585 | D:4      | Killed Edmund
  2675 | D:4      | Noticed Duvessa
  2676 | D:4      | Noticed Dowan
  2688 | D:4      | Killed Dowan
  2689 | D:4      | Reached skill level 7 in Fighting
  2700 | D:4      | Killed Duvessa
  2926 | D:4      | Reached * piety under Trog
  3473 | D:5      | Reached skill level 8 in Fighting
  3474 | D:5      | Reached skill level 5 in Unarmed Combat
  3959 | D:6      | Gained mutation: You have very sharp fingernails. [demonic
                  | ancestry]
  3959 | D:6      | Reached XP level 9. HP: 74/75 MP: 9/9
  4362 | D:7      | Reached skill level 9 in Fighting
  4496 | D:7      | Reached ** piety under Trog
  4965 | D:8      | Found an opulent altar of Gozag.
  5056 | D:8      | Found an opulent altar of Gozag.
  5153 | D:8      | Found an opulent altar of Gozag.
  5156 | D:8      | Found an opulent altar of Gozag.
  5291 | D:8      | HP: 1/70 [wight/+2 battleaxe of freezing (6)]
  5292 | D:8      | Slain by a wight

Illustrated notes

Levels and vault maps discovered:
D:1:      lightli_arrival_quake, layout_basic, minmay_hexomino_c4
D:2:      layout_rooms
D:3:      layout_rooms
D:4:      kennysheep_spiral_hall, layout_gridville, minmay_manual_mess,
          uniq_duvessa, uniq_edmund
D:5:      layout_cave_pools
D:6:      layout_basic, eat_drink_and_be_merry_uskayaw,
          minmay_temple_entry_antechambers, uniq_grinder
D:7:      layout_basic
D:8:      layout_loops_cross, nicolae_gozag_conspicuous_consumption,
          regret_index_temple_of_mockery, nicolae_concentric_dashed_squares_wild
Temple:   sentei_temple_godly_chess

Skill      XL: |  1  2  3  4  5  6  7  8  9 |
---------------+----------------------------+-----
Axes           | 2 3 4 |  4.5
Armour         | 3 |  3.0
Shields        | 3 4 |  4.4
Fighting       | 4 5 6 8 9 |  9.8
Unarmed Combat | 2 5 7 |  7.2

Action                     |  1- 3 |  4- 6 |  7- 9 || total
---------------------------+-------+-------+-------++-------
  Melee: War axe           |    84 |    71 |   327 ||   482
         Kick              |    17 |    20 |    87 ||   124
         Tailslap          |       |     1 |    47 ||    48
  Throw: Throwing net      |     1 |       |     1 ||     2
 Invoke: Berserk           |       |       |     3 ||     3
    Use: Potion            |       |       |     2 ||     2
         Scroll            |       |       |     7 ||     7
 Armour: Scale mail        |    55 |    74 |     3 ||   132
         Chain mail        |       |       |   311 ||   311
  Dodge: Dodged            |    40 |    38 |   117 ||   195
  Block: Buckler           |    35 |    50 |   184 ||   269

Table legend: (Time is in decaauts)
 A = Elapsed time spent in this place.
 B = Non-inter-level travel time spent in this place.
 C = Inter-level travel time spent in this place.
 D = Time resting spent in this place.
 E = Time spent auto-exploring this place.
 F = Levels seen in this place.
 G = Mean time per level.
                   A        B        C        D        E       F      G
               +--------+--------+--------+--------+--------+-----+--------+
         Total |   5480 |   5268 |    212 |    389 |   3670 |   9 |  608.9 |
       Dungeon |   5467 |   5255 |    212 |    389 |   3670 |   8 |  683.4 |
        Temple |     12 |     12 |      0 |      0 |      0 |   1 |   12.0 |
               +--------+--------+--------+--------+--------+-----+--------+

Top non-repeatable levels by time:
     D:4: 978 daAuts
     D:6: 907 daAuts
     D:1: 804 daAuts
     D:7: 715 daAuts
     D:2: 701 daAuts
     D:5: 550 daAuts
     D:3: 466 daAuts
     D:8: 342 daAuts
  Temple: 12 daAuts
